[ AOE2 MATCH · #463552159 ]
Team RMBulgarians vs Khmer
[ REPLAY ANALYSIS · EXTRACTED FROM THE RECORDED GAME ]
Feudal
9:33
Castle
14:53
Imperial
29:53
| APM avg | 14.7 |
| APM peak | 51 |
| eAPM avg | 10.5 |
| Villagers / military | 148 / 493 |
Focus
⚔️ 35.4% · 🌾 64.6%
Konnik ×281 · Spearman ×137 · Knight ×59 · Battering Ram ×14 · Monk ×2
Feudal
8:30
Castle
14:56
Imperial
35:22
| APM avg | 23.4 |
| APM peak | 53 |
| eAPM avg | 11.7 |
| Villagers / military | 126 / 247 |
Focus
⚔️ 31.4% · 🌾 68.6%
Scout Cavalry ×102 · Genitour ×72 · Spearman ×22 · Camel Archer ×17 · Cavalry Archer ×13 · Camel Scout ×9
Feudal
13:55
Castle
29:50
Imperial
44:43
| APM avg | 12.6 |
| APM peak | 72 |
| eAPM avg | 8.6 |
| Villagers / military | 183 / 135 |
Focus
⚔️ 29.3% · 🌾 70.7%
Scorpion ×67 · Spearman ×50 · Trebuchet (Packed) ×17 · Monk ×1
Feudal
6:02
Castle
13:54
Imperial
28:20
| APM avg | 27.0 |
| APM peak | 58 |
| eAPM avg | 21.1 |
| Villagers / military | 226 / 521 |
Focus
⚔️ 34.3% · 🌾 65.7%
Knight ×267 · Spearman ×196 · Trade Cart ×20 · Scorpion ×17 · Monk ×8 · Bombard Cannon ×8
Feudal
7:50
Castle
19:36
Imperial
38:46
| APM avg | 37.0 |
| APM peak | 577 |
| eAPM avg | 23.4 |
| Villagers / military | 108 / 270 |
Focus
⚔️ 41.5% · 🌾 58.5%
Steppe Lancer ×172 · Camel Scout ×45 · Scout Cavalry ×43 · Knight ×10
Feudal
6:31
Castle
10:51
Imperial
35:58
| APM avg | 18.0 |
| APM peak | 44 |
| eAPM avg | 14.8 |
| Villagers / military | 126 / 461 |
Focus
⚔️ 56.7% · 🌾 43.3%
Knight ×393 · Spearman ×42 · Monk ×13 · Scout Cavalry ×7 · Trebuchet (Packed) ×6 · Trade Cart ×4
Feudal
6:24
Castle
12:03
Imperial
30:10
| APM avg | 21.3 |
| APM peak | 80 |
| eAPM avg | 14.7 |
| Villagers / military | 103 / 510 |
Focus
⚔️ 66.0% · 🌾 34.0%
Spearman ×242 · Cavalry Archer ×140 · Keshik ×120 · Trade Cart ×6 · Monk ×4 · Trebuchet (Packed) ×4
Feudal
13:02
Castle
16:03
Imperial
25:12
| APM avg | 13.8 |
| APM peak | 37 |
| eAPM avg | 12.3 |
| Villagers / military | 126 / 655 |
Focus
⚔️ 40.4% · 🌾 59.6%
Spearman ×331 · Scorpion ×133 · Scout Cavalry ×121 · Battle Elephant ×43 · Trade Cart ×18 · Battering Ram ×14
Match map
Resources at game start + every placement click. Thick line = wall · dashed box = detected house wall. 🟡 gold · ⚪ stone · 🟢 berries · 🔶 boar · ⭕ relic
Inputs per minute
— Teniente DAN - - moisttoilet
Build order — Teniente DAN
First 150 of 339 actions detected
| 0:07 | Build | House |
| 0:09 | Build | House |
| 0:18 | Create | Villager (Male) |
| 0:18 | Create | Villager (Male) |
| 0:18 | Create | Villager (Male) |
| 0:19 | Create | Villager (Male) |
| 0:19 | Create | Villager (Male) |
| 1:36 | Create | Villager (Male) |
| 1:36 | Create | Villager (Male) |
| 1:36 | Create | Villager (Male) |
| 1:36 | Create | Villager (Male) |
| 2:10 | Create | Villager (Male) |
| 2:11 | Create | Villager (Male) |
| 2:11 | Create | Villager (Male) |
| 2:24 | Create | Villager (Male) |
| 2:24 | Create | Villager (Male) |
| 3:03 | Create | Villager (Male) |
| 3:04 | Create | Villager (Male) |
| 3:04 | Create | Villager (Male) |
| 3:04 | Create | Villager (Male) |
| 3:05 | Create | Villager (Male) |
| 3:22 | Build | Lumber Camp |
| 3:31 | Create | Villager (Male) |
| 3:31 | Create | Villager (Male) |
| 3:32 | Create | Villager (Male) |
| 3:32 | Create | Villager (Male) |
| 3:36 | Research | Loom |
| 4:36 | Build | Mill |
| 6:40 | Research | Feudal Age |
| 7:33 | Build | Mining Camp |
| 7:48 | Build | Mining Camp |
| 7:54 | Build | Palisade Wall |
| 8:02 | Create | Villager (Male) |
| 8:02 | Create | Villager (Male) |
| 8:02 | Create | Villager (Male) |
| 9:06 | Build | Barracks |
| 9:33 | Age | Feudal Age |
| 9:38 | Build | Market |
| 9:43 | Build | Blacksmith |
| 9:48 | Build | House |
| 9:54 | Research | Double-Bit Axe |
| 10:24 | Build | Stable |
| 10:58 | Research | Wheelbarrow |
| 11:25 | Build | Stable |
| 11:33 | Research | Castle Age |
| 12:06 | Research | Bloodlines |
| 12:11 | Create | Villager (Male) ×5 |
| 12:30 | Build | Stable |
| 13:43 | Research | Forging |
| 13:44 | Research | Scale Mail Armor |
| 13:45 | Research | Scale Barding Armor |
| 14:04 | Build | Farm |
| 14:53 | Age | Castle Age |
| 14:59 | Build | Town Center |
| 15:05 | Research | Husbandry |
| 15:06 | Create | Knight ×2 |
| 15:14 | Create | Knight |
| 15:15 | Create | Knight |
| 15:25 | Build | Farm |
| 15:26 | Build | Farm |
| 15:26 | Build | Farm |
| 15:28 | Build | Farm |
| 15:30 | Build | Farm |
| 15:42 | Build | Farm |
| 15:48 | Build | Farm |
| 16:00 | Create | Knight ×2 |
| 16:18 | Build | Farm |
| 16:40 | Build | Town Center |
| 16:43 | Research | Bow Saw |
| 16:46 | Build | Farm |
| 16:49 | Create | Villager (Male) |
| 16:50 | Create | Villager (Male) |
| 17:04 | Build | House |
| 17:05 | Build | House |
| 17:07 | Build | House |
| 17:16 | Create | Knight ×2 |
| 17:45 | Create | Villager (Male) ×3 |
| 17:52 | Create | Villager (Male) |
| 17:52 | Create | Villager (Male) |
| 17:52 | Create | Villager (Male) |
| 18:08 | Create | Villager (Male) |
| 18:27 | Research | Fletching |
| 18:30 | Create | Villager (Male) |
| 18:30 | Create | Villager (Male) |
| 18:36 | Build | Farm |
| 18:40 | Build | Farm |
| 18:44 | Build | Farm |
| 18:50 | Create | Villager (Male) ×2 |
| 20:21 | Create | Knight ×5 |
| 20:43 | Build | Krepost |
| 20:48 | Build | House |
| 20:52 | Build | House |
| 20:56 | Build | House |
| 20:59 | Build | House |
| 21:16 | Build | Town Center |
| 21:23 | Create | Villager (Male) ×5 |
| 21:28 | Build | Farm |
| 21:33 | Build | Farm |
| 21:37 | Build | Farm |
| 21:40 | Research | Iron Casting |
| 21:41 | Research | Chain Mail Armor |
| 21:41 | Research | Chain Barding Armor |
| 21:44 | Create | Villager (Male) |
| 21:44 | Create | Villager (Male) |
| 21:51 | Build | Monastery |
| 22:35 | Create | Konnik ×5 |
| 23:05 | Build | Krepost |
| 23:23 | Build | House |
| 23:30 | Build | House |
| 23:41 | Create | Konnik ×5 |
| 24:44 | Create | Konnik ×5 |
| 25:55 | Build | Siege Workshop |
| 26:28 | Build | Town Center |
| 26:43 | Research | Imperial Age |
| 26:53 | Create | Villager (Male) |
| 26:53 | Create | Villager (Male) |
| 26:53 | Create | Villager (Male) |
| 26:59 | Build | Farm |
| 26:59 | Build | Farm |
| 27:00 | Build | Farm |
| 27:00 | Build | Farm |
| 27:00 | Build | Farm |
| 27:00 | Build | Farm |
| 28:40 | Create | Konnik ×5 |
| 28:51 | Build | Siege Workshop |
| 29:41 | Create | Konnik ×5 |
| 29:43 | Create | Konnik ×5 |
| 29:52 | Create | Villager (Male) ×5 |
| 29:53 | Age | Imperial Age |
| 30:06 | Build | House |
| 30:07 | Build | House |
| 30:09 | Build | House |
| 30:10 | Build | House |
| 30:19 | Research | Capped Ram (upgrade) |
| 30:21 | Create | Battering Ram ×5 |
| 30:41 | Build | Barracks |
| 30:44 | Build | Barracks |
| 30:45 | Build | Barracks |
| 30:49 | Create | Villager (Male) |
| 30:49 | Create | Villager (Male) |
| 30:49 | Create | Villager (Male) |
| 31:00 | Create | Monk |
| 31:06 | Research | Blast Furnace |
| 31:07 | Research | Plate Barding Armor |
| 31:20 | Create | Villager (Male) |
| 31:21 | Create | Villager (Male) |
| 31:21 | Create | Villager (Male) |
| 31:23 | Create | Villager (Male) |
| 31:23 | Create | Villager (Male) |
| 31:40 | Create | Monk |
Build order — moisttoilet
First 150 of 325 actions detected
| 0:05 | Research | Loom |
| 0:05 | Research | Loom |
| 0:08 | Create | Villager (Male) ×4 |
| 0:08 | Create | Villager (Male) ×4 |
| 0:45 | Build | Mill |
| 1:42 | Create | Villager (Male) |
| 1:43 | Create | Villager (Male) |
| 2:32 | Create | Villager (Male) |
| 2:32 | Create | Villager (Male) |
| 3:07 | Create | Villager (Male) |
| 3:08 | Create | Villager (Male) |
| 4:08 | Create | Villager (Male) |
| 4:08 | Create | Villager (Male) |
| 4:38 | Build | Lumber Camp |
| 5:19 | Build | Barracks |
| 5:25 | Create | Villager (Male) |
| 5:38 | Create | Villager (Male) |
| 5:46 | Build | House |
| 6:02 | Research | Feudal Age |
| 7:07 | Build | Mining Camp |
| 7:25 | Build | House |
| 8:06 | Build | House |
| 8:25 | Create | Villager (Male) |
| 8:30 | Age | Feudal Age |
| 8:47 | Research | Double-Bit Axe |
| 8:50 | Research | Town Watch |
| 8:56 | Research | Wheelbarrow |
| 9:12 | Create | Spearman |
| 9:33 | Build | House |
| 9:56 | Create | Villager (Male) |
| 9:57 | Create | Villager (Male) |
| 10:15 | Build | Market |
| 10:33 | Build | Blacksmith |
| 10:39 | Build | Mining Camp |
| 11:05 | Create | Villager (Male) |
| 11:05 | Create | Villager (Male) |
| 11:30 | Build | House |
| 11:58 | Research | Castle Age |
| 12:07 | Build | Stable |
| 12:08 | Build | Stable |
| 12:18 | Research | Scale Barding Armor |
| 12:24 | Research | Forging |
| 12:48 | Build | House |
| 14:03 | Create | Spearman |
| 14:10 | Research | Horse Collar |
| 14:18 | Build | Lumber Camp |
| 14:26 | Build | Palisade Wall |
| 14:31 | Build | House |
| 14:56 | Age | Castle Age |
| 15:01 | Create | Camel Scout ×5 |
| 15:31 | Research | Bloodlines |
| 15:31 | Research | Husbandry |
| 15:43 | Create | Villager (Male) |
| 15:43 | Create | Villager (Male) |
| 15:43 | Create | Villager (Male) |
| 15:58 | Research | Heavy Plow |
| 16:17 | Build | Town Center |
| 16:48 | Create | Villager (Male) ×2 |
| 17:05 | Create | Villager (Male) |
| 17:22 | Build | Archery Range |
| 17:36 | Create | Villager (Male) |
| 17:55 | Build | Building 796 |
| 18:07 | Build | Archery Range |
| 18:14 | Create | Villager (Male) ×2 |
| 18:33 | Create | Villager (Male) ×2 |
| 18:47 | Build | Palisade Gate |
| 19:05 | Create | Villager (Male) |
| 19:11 | Build | Farm |
| 19:11 | Build | Farm |
| 19:12 | Build | Farm |
| 19:12 | Build | Farm |
| 19:12 | Build | Farm |
| 19:13 | Build | Farm |
| 19:13 | Build | Farm |
| 19:20 | Create | Cavalry Archer ×5 |
| 19:20 | Create | Genitour ×3 |
| 20:15 | Research | Husbandry |
| 20:27 | Build | Castle |
| 20:36 | Create | Knight |
| 20:42 | Build | Farm |
| 20:43 | Build | Farm |
| 20:43 | Build | Farm |
| 20:43 | Build | Farm |
| 20:43 | Build | Farm |
| 20:44 | Build | Farm |
| 21:12 | Build | Farm |
| 21:12 | Build | Farm |
| 21:13 | Build | Farm |
| 21:13 | Build | Farm |
| 21:13 | Build | Farm |
| 21:13 | Build | Farm |
| 21:16 | Build | Farm |
| 21:16 | Build | Farm |
| 21:16 | Build | Farm |
| 21:16 | Build | Farm |
| 21:17 | Build | Farm |
| 21:36 | Research | Kasbah |
| 21:38 | Create | Camel Archer ×3 |
| 21:59 | Create | Camel Archer |
| 22:27 | Create | Petard ×2 |
| 22:38 | Create | Camel Scout ×2 |
| 23:43 | Create | Camel Archer ×4 |
| 24:17 | Create | Villager (Male) ×5 |
| 24:26 | Research | Thumb Ring |
| 24:27 | Create | Cavalry Archer |
| 25:06 | Create | Petard ×5 |
| 25:13 | Research | Light Cavalry (upgrade) |
| 25:15 | Create | Camel Scout |
| 26:09 | Build | Town Center |
| 26:18 | Create | Camel Archer ×2 |
| 26:34 | Create | Scout Cavalry ×5 |
| 26:42 | Build | House |
| 26:44 | Build | House |
| 26:45 | Build | House |
| 27:20 | Research | Fletching |
| 27:20 | Research | Padded Archer Armor |
| 28:24 | Build | Castle |
| 28:32 | Research | Hand Cart |
| 28:33 | Create | Villager (Male) ×5 |
| 28:37 | Create | Genitour ×3 |
| 28:42 | Create | Knight ×4 |
| 28:49 | Build | House |
| 28:50 | Build | House |
| 30:49 | Create | Villager (Male) ×5 |
| 31:16 | Research | Bow Saw |
| 32:12 | Research | Imperial Age |
| 33:13 | Create | Villager (Male) ×5 |
| 33:20 | Create | Scout Cavalry ×5 |
| 33:25 | Create | Camel Archer ×3 |
| 34:28 | Build | Castle |
| 35:22 | Build | Archery Range |
| 35:22 | Age | Imperial Age |
| 35:26 | Research | Conscription |
| 35:35 | Create | Scout Cavalry ×5 |
| 35:59 | Research | Hoardings |
| 36:00 | Create | Camel Archer ×4 |
| 36:37 | Build | Town Center |
| 37:22 | Create | Villager (Male) ×5 |
| 38:31 | Build | Town Center |
| 41:12 | Build | Stable |
| 41:20 | Build | Archery Range |
| 42:09 | Build | Town Center |
| 42:15 | Create | Villager (Male) ×5 |
| 42:21 | Create | Scout Cavalry ×4 |
| 44:33 | Create | Villager (Male) |
| 44:37 | Build | Farm |
| 44:37 | Build | Farm |
| 44:37 | Build | Farm |
| 44:38 | Build | Farm |
| 44:38 | Build | Farm |
Build order — Eeeeeeeeeeeeecho
First 150 of 303 actions detected
| 0:04 | Create | Villager (Male) |
| 0:04 | Create | Villager (Male) |
| 0:04 | Create | Villager (Male) |
| 0:04 | Create | Villager (Male) |
| 0:05 | Create | Villager (Male) |
| 0:09 | Build | House |
| 0:11 | Build | House |
| 0:59 | Create | Villager (Male) |
| 1:00 | Create | Villager (Male) |
| 1:00 | Create | Villager (Male) |
| 1:26 | Create | Villager (Male) |
| 1:26 | Create | Villager (Male) |
| 1:26 | Create | Villager (Male) |
| 1:54 | Build | Lumber Camp |
| 1:59 | Create | Villager (Male) |
| 2:00 | Create | Villager (Male) |
| 2:35 | Create | Villager (Male) |
| 2:36 | Create | Villager (Male) |
| 2:45 | Create | Villager (Male) |
| 2:45 | Create | Villager (Male) |
| 2:45 | Create | Villager (Male) |
| 2:46 | Create | Villager (Male) |
| 3:22 | Create | Villager (Male) |
| 3:22 | Create | Villager (Male) |
| 3:45 | Research | Loom |
| 3:48 | Create | Villager (Male) ×5 |
| 4:34 | Create | Villager (Male) |
| 4:35 | Create | Villager (Male) |
| 4:35 | Create | Villager (Male) |
| 6:09 | Create | Villager (Male) |
| 6:14 | Create | Villager (Male) |
| 8:03 | Build | Mill |
| 8:50 | Create | Villager (Male) |
| 8:55 | Create | Villager (Male) |
| 8:55 | Create | Villager (Male) |
| 8:55 | Create | Villager (Male) |
| 8:56 | Create | Villager (Male) |
| 8:56 | Create | Villager (Male) |
| 8:56 | Create | Villager (Male) |
| 8:57 | Create | Villager (Male) |
| 8:58 | Research | Feudal Age |
| 9:44 | Build | Mining Camp |
| 11:15 | Build | Mining Camp |
| 13:39 | Build | House |
| 13:41 | Build | House |
| 13:42 | Build | House |
| 13:55 | Age | Feudal Age |
| 13:56 | Research | Double-Bit Axe |
| 13:58 | Research | Horse Collar |
| 13:59 | Research | Gold Mining |
| 14:01 | Research | Stone Mining |
| 14:03 | Research | Wheelbarrow |
| 14:03 | Research | Town Watch |
| 14:26 | Build | Stone Wall |
| 15:13 | Create | Villager (Male) ×5 |
| 15:58 | Build | Stone Wall |
| 16:10 | Build | Farm |
| 16:35 | Build | Farm |
| 16:48 | Build | Stone Wall |
| 16:58 | Create | Villager (Male) |
| 16:59 | Create | Villager (Male) |
| 16:59 | Create | Villager (Male) |
| 17:01 | Build | Farm |
| 17:43 | Build | Mining Camp |
| 17:46 | Build | Farm |
| 17:55 | Build | Stone Wall |
| 17:58 | Build | Farm |
| 18:19 | Build | Market |
| 18:23 | Build | Farm |
| 18:55 | Build | Farm |
| 19:02 | Build | Blacksmith |
| 19:12 | Build | Stone Wall |
| 19:31 | Build | Farm |
| 19:34 | Build | Farm |
| 19:36 | Create | Villager (Male) |
| 19:36 | Create | Villager (Male) |
| 19:40 | Build | Stone Wall |
| 19:42 | Build | Stone Wall |
| 19:52 | Build | House |
| 19:54 | Build | Watch Tower |
| 19:57 | Build | Watch Tower |
| 20:15 | Build | Stone Wall |
| 20:34 | Build | Stone Wall |
| 20:35 | Build | Stone Wall |
| 20:35 | Build | Stone Wall |
| 20:36 | Build | Stone Wall |
| 20:36 | Build | Stone Wall |
| 21:04 | Build | Lumber Camp |
| 21:06 | Create | Villager (Male) ×5 |
| 21:06 | Create | Villager (Male) ×5 |
| 23:12 | Build | Farm |
| 23:16 | Build | Farm |
| 24:24 | Create | Villager (Male) |
| 24:24 | Create | Villager (Male) |
| 24:25 | Create | Villager (Male) |
| 24:27 | Build | Farm |
| 24:28 | Build | Farm |
| 25:33 | Build | Farm |
| 25:54 | Build | Stone Wall |
| 26:00 | Build | Farm |
| 26:03 | Build | Farm |
| 26:08 | Build | Farm |
| 26:22 | Create | Villager (Male) |
| 26:59 | Build | Building 490 |
| 27:03 | Build | Farm |
| 27:07 | Build | Farm |
| 27:08 | Build | Farm |
| 27:10 | Research | Castle Age |
| 28:57 | Create | Villager (Male) |
| 29:22 | Build | Building 490 |
| 29:42 | Build | Stone Wall |
| 29:48 | Build | Stone Wall |
| 29:50 | Age | Castle Age |
| 29:59 | Build | Stone Wall |
| 30:21 | Research | Hand Cart |
| 30:22 | Research | Town Patrol |
| 30:22 | Create | Villager (Male) ×5 |
| 30:23 | Create | Villager (Male) ×5 |
| 30:23 | Create | Villager (Male) ×5 |
| 30:24 | Create | Villager (Male) ×3 |
| 30:30 | Build | Market |
| 30:59 | Build | Farm |
| 31:03 | Research | Heavy Plow |
| 31:06 | Research | Bow Saw |
| 31:09 | Research | Gold Shaft Mining |
| 31:15 | Build | Castle |
| 31:23 | Research | Forging |
| 31:23 | Research | Scale Mail Armor |
| 31:23 | Research | Scale Barding Armor |
| 31:23 | Research | Fletching |
| 31:23 | Research | Padded Archer Armor |
| 31:57 | Build | Town Center |
| 32:27 | Build | Barracks |
| 32:28 | Build | Barracks |
| 32:29 | Build | Barracks |
| 32:30 | Build | Barracks |
| 32:36 | Build | House |
| 32:37 | Build | House |
| 32:40 | Build | House |
| 32:41 | Build | House |
| 32:42 | Build | House |
| 32:50 | Build | Farm |
| 33:24 | Build | Farm |
| 33:37 | Create | Villager (Male) |
| 33:39 | Create | Villager (Male) ×5 |
| 33:40 | Create | Villager (Male) ×5 |
| 33:40 | Create | Villager (Male) ×5 |
| 33:40 | Create | Villager (Male) ×5 |
| 33:40 | Create | Villager (Male) ×5 |
| 33:41 | Create | Villager (Male) ×5 |
Build order — Khmer Kardashian
First 150 of 720 actions detected
| 0:01 | Create | Villager (Male) |
| 0:01 | Create | Villager (Male) |
| 0:02 | Create | Villager (Male) |
| 0:02 | Create | Villager (Male) |
| 0:03 | Build | House |
| 0:05 | Build | House |
| 0:32 | Create | Villager (Male) |
| 0:32 | Create | Villager (Male) |
| 1:14 | Create | Villager (Male) |
| 1:23 | Create | Villager (Male) |
| 1:23 | Create | Villager (Male) |
| 1:35 | Create | Villager (Male) |
| 1:35 | Create | Villager (Male) |
| 2:05 | Build | Mill |
| 2:36 | Create | Villager (Male) |
| 2:36 | Create | Villager (Male) |
| 2:36 | Create | Villager (Male) |
| 2:43 | Create | Villager (Male) |
| 2:47 | Create | Villager (Male) |
| 3:03 | Build | Lumber Camp |
| 3:14 | Build | Lumber Camp |
| 3:15 | Create | Villager (Male) |
| 3:15 | Create | Villager (Male) |
| 3:52 | Research | Feudal Age |
| 3:52 | Create | Villager (Male) |
| 3:53 | Create | Villager (Male) |
| 4:02 | Build | Barracks |
| 5:07 | Create | Villager (Male) |
| 5:25 | Create | Villager (Male) |
| 5:25 | Create | Villager (Male) |
| 6:02 | Age | Feudal Age |
| 6:04 | Create | Villager (Male) |
| 6:20 | Build | Stable |
| 6:54 | Create | Villager (Male) |
| 7:02 | Build | Blacksmith |
| 7:08 | Create | Villager (Male) |
| 7:26 | Build | Building 487 |
| 7:29 | Build | Building 490 |
| 7:35 | Build | Stone Wall |
| 7:58 | Build | Stone Wall |
| 7:59 | Create | Villager (Male) |
| 7:59 | Create | Villager (Male) |
| 8:10 | Build | Mining Camp |
| 8:21 | Build | Mining Camp |
| 8:47 | Build | Building 490 |
| 9:05 | Create | Villager (Male) |
| 9:06 | Create | Villager (Male) |
| 9:37 | Build | Market |
| 10:12 | Build | Stone Wall |
| 10:14 | Create | Villager (Male) |
| 10:14 | Create | Villager (Male) |
| 10:32 | Build | Building 490 |
| 10:38 | Build | Farm |
| 10:38 | Build | Farm |
| 10:48 | Build | Farm |
| 10:52 | Build | Stone Wall |
| 11:09 | Create | Trade Cart |
| 11:14 | Research | Castle Age |
| 11:23 | Build | Building 673 |
| 11:36 | Build | House |
| 11:37 | Build | House |
| 11:51 | Create | Scout Cavalry ×2 |
| 11:51 | Create | Scout Cavalry ×2 |
| 12:01 | Research | Double-Bit Axe |
| 12:42 | Build | Building 665 |
| 12:45 | Build | House |
| 12:51 | Create | Villager (Male) |
| 13:17 | Build | Stone Wall |
| 13:19 | Create | Villager (Male) |
| 13:19 | Create | Villager (Male) |
| 13:27 | Create | Spearman |
| 13:27 | Create | Spearman |
| 13:35 | Build | Barracks |
| 13:54 | Age | Castle Age |
| 13:56 | Create | Villager (Male) |
| 13:57 | Create | Villager (Male) |
| 14:04 | Build | Town Center |
| 14:28 | Create | Villager (Male) |
| 14:39 | Build | Monastery |
| 14:58 | Research | Forging |
| 14:58 | Research | Scale Barding Armor |
| 15:01 | Research | Bloodlines |
| 15:01 | Research | Light Cavalry (upgrade) |
| 15:15 | Create | Villager (Male) |
| 15:15 | Create | Villager (Male) |
| 15:27 | Build | Stable |
| 15:33 | Create | Monk |
| 15:33 | Create | Monk |
| 15:37 | Create | Villager (Male) |
| 15:37 | Create | Villager (Male) |
| 15:49 | Build | Stone Wall |
| 16:05 | Research | Stone Mining |
| 16:06 | Create | Villager (Male) |
| 16:11 | Build | Farm |
| 16:14 | Build | Farm |
| 16:14 | Build | Farm |
| 16:20 | Create | Villager (Male) |
| 16:48 | Create | Villager (Male) |
| 16:49 | Create | Villager (Male) |
| 16:58 | Research | Horse Collar |
| 17:05 | Create | Trade Cart |
| 17:12 | Build | House |
| 17:15 | Build | House |
| 17:16 | Build | House |
| 17:24 | Create | Villager (Male) |
| 17:24 | Create | Villager (Male) |
| 17:33 | Research | Wheelbarrow |
| 17:53 | Create | Monk |
| 17:55 | Create | Villager (Male) |
| 18:03 | Build | Barracks |
| 18:05 | Create | Villager (Male) |
| 18:05 | Create | Villager (Male) |
| 18:21 | Research | Bow Saw |
| 18:22 | Create | Villager (Male) |
| 18:22 | Create | Villager (Male) |
| 18:32 | Create | Villager (Male) |
| 18:40 | Build | Farm |
| 19:10 | Create | Villager (Male) |
| 19:11 | Create | Villager (Male) |
| 19:15 | Create | Spearman |
| 19:15 | Create | Spearman |
| 19:29 | Create | Monk |
| 19:46 | Build | Town Center |
| 19:48 | Create | Villager (Male) |
| 19:48 | Create | Villager (Male) |
| 19:57 | Create | Villager (Male) |
| 19:58 | Create | Villager (Male) |
| 20:04 | Build | Farm |
| 20:06 | Build | Farm |
| 20:14 | Build | Farm |
| 20:14 | Build | Farm |
| 20:25 | Research | Heavy Plow |
| 20:26 | Create | Villager (Male) |
| 20:26 | Create | Villager (Male) |
| 20:38 | Create | Militia |
| 20:41 | Create | Spearman |
| 20:41 | Create | Spearman |
| 20:55 | Create | Spearman |
| 20:55 | Create | Spearman |
| 21:11 | Create | Villager (Male) |
| 21:12 | Create | Villager (Male) |
| 21:13 | Build | Farm |
| 21:17 | Build | Farm |
| 21:45 | Build | Farm |
| 21:47 | Create | Villager (Male) |
| 21:47 | Create | Villager (Male) |
| 21:52 | Create | Spearman |
| 21:52 | Create | Spearman |
| 22:06 | Build | House |
| 22:06 | Build | House |
Build order — RolandDeschain
First 150 of 334 actions detected
| 0:08 | Create | Villager (Male) |
| 0:09 | Create | Villager (Male) |
| 0:09 | Create | Villager (Male) |
| 0:23 | Create | Villager (Male) |
| 0:23 | Create | Villager (Male) |
| 0:35 | Create | Villager (Male) |
| 0:36 | Create | Villager (Male) |
| 0:59 | Create | Villager (Male) |
| 0:59 | Create | Villager (Male) |
| 1:16 | Create | Villager (Male) |
| 1:16 | Create | Villager (Male) |
| 1:23 | Create | Villager (Male) |
| 1:24 | Create | Villager (Male) |
| 2:14 | Create | Villager (Male) |
| 2:14 | Create | Villager (Male) |
| 2:15 | Create | Villager (Male) |
| 2:23 | Create | Villager (Male) |
| 2:24 | Create | Villager (Male) |
| 2:24 | Create | Villager (Male) |
| 2:53 | Build | Lumber Camp |
| 2:56 | Create | Villager (Male) |
| 2:56 | Create | Villager (Male) |
| 3:29 | Create | Villager (Male) |
| 3:29 | Create | Villager (Male) |
| 3:29 | Create | Villager (Male) |
| 3:50 | Build | House |
| 3:52 | Build | House |
| 4:05 | Create | Villager (Male) |
| 4:40 | Build | Mill |
| 4:52 | Create | Villager (Male) |
| 4:52 | Create | Villager (Male) |
| 4:53 | Create | Villager (Male) |
| 5:06 | Research | Loom |
| 5:38 | Build | Barracks |
| 5:40 | Research | Feudal Age |
| 5:40 | Research | Feudal Age |
| 5:52 | Build | Lumber Camp |
| 6:58 | Build | Palisade Wall |
| 7:01 | Build | Palisade Wall |
| 7:04 | Build | Palisade Wall |
| 7:13 | Build | Palisade Wall |
| 7:14 | Build | Palisade Wall |
| 7:21 | Build | Palisade Wall |
| 7:27 | Build | Palisade Gate |
| 7:40 | Create | Villager (Male) |
| 7:41 | Create | Villager (Male) |
| 7:41 | Create | Villager (Male) |
| 7:50 | Age | Feudal Age |
| 7:52 | Build | Stable |
| 7:57 | Research | Double-Bit Axe |
| 8:25 | Build | House |
| 8:32 | Build | Building 487 |
| 8:38 | Create | Villager (Male) |
| 8:53 | Create | Scout Cavalry |
| 8:54 | Create | Scout Cavalry |
| 8:54 | Create | Scout Cavalry |
| 8:54 | Create | Scout Cavalry |
| 9:00 | Create | Scout Cavalry |
| 9:17 | Build | Blacksmith |
| 9:23 | Build | Stone Wall |
| 9:38 | Build | Building 490 |
| 9:47 | Build | Stone Wall |
| 9:50 | Build | Stone Wall |
| 9:53 | Build | Stone Wall |
| 9:59 | Build | Building 487 |
| 10:07 | Research | Wheelbarrow |
| 10:26 | Build | Stone Wall |
| 10:33 | Build | Building 487 |
| 10:38 | Research | Scale Barding Armor |
| 10:42 | Research | Bloodlines |
| 10:47 | Build | House |
| 10:48 | Build | House |
| 10:49 | Build | House |
| 10:54 | Create | Villager (Male) |
| 10:55 | Create | Villager (Male) |
| 11:11 | Research | Forging |
| 11:25 | Build | Mining Camp |
| 11:31 | Create | Villager (Male) |
| 11:47 | Build | Building 487 |
| 11:52 | Build | Stone Wall |
| 12:04 | Build | Stone Wall |
| 12:05 | Build | Stone Wall |
| 12:06 | Build | Stone Wall |
| 12:09 | Build | Stone Wall |
| 12:40 | Research | Town Watch |
| 12:40 | Create | Villager (Male) |
| 12:41 | Create | Villager (Male) |
| 12:43 | Build | Farm |
| 12:44 | Build | Farm |
| 12:46 | Build | Farm |
| 14:04 | Build | House |
| 14:11 | Create | Villager (Male) |
| 14:11 | Create | Villager (Male) |
| 14:13 | Create | Villager (Male) |
| 14:20 | Build | Farm |
| 14:22 | Build | Farm |
| 15:24 | Create | Villager (Male) |
| 15:24 | Create | Villager (Male) |
| 15:26 | Build | Farm |
| 15:27 | Build | Farm |
| 15:33 | Build | Farm |
| 15:35 | Build | Farm |
| 16:03 | Create | Villager (Male) |
| 16:07 | Build | Farm |
| 16:10 | Build | Farm |
| 16:56 | Research | Castle Age |
| 16:59 | Build | Farm |
| 17:00 | Build | Farm |
| 17:09 | Build | Stable |
| 17:13 | Build | Stable |
| 17:58 | Create | Villager (Male) |
| 17:58 | Create | Villager (Male) |
| 18:04 | Research | Horse Collar |
| 18:05 | Research | Gold Mining |
| 19:36 | Age | Castle Age |
| 19:41 | Build | House |
| 19:42 | Build | House |
| 19:46 | Research | Husbandry |
| 19:49 | Create | Steppe Lancer ×5 |
| 19:49 | Create | Steppe Lancer ×5 |
| 19:49 | Create | Steppe Lancer ×5 |
| 20:56 | Create | Steppe Lancer ×5 |
| 21:00 | Build | Farm |
| 21:05 | Build | Farm |
| 21:08 | Build | Farm |
| 21:14 | Research | Chain Barding Armor |
| 21:24 | Create | Villager (Male) |
| 22:26 | Research | Iron Casting |
| 22:56 | Create | Steppe Lancer ×5 |
| 22:56 | Create | Steppe Lancer ×5 |
| 22:59 | Create | Villager (Male) |
| 23:05 | Build | Farm |
| 23:19 | Build | Town Center |
| 23:26 | Build | House |
| 23:27 | Build | House |
| 23:34 | Research | Bow Saw |
| 23:45 | Create | Steppe Lancer ×2 |
| 23:54 | Build | House |
| 23:56 | Build | House |
| 23:57 | Build | House |
| 23:59 | Build | House |
| 24:17 | Create | Steppe Lancer ×4 |
| 24:52 | Create | Villager (Male) ×5 |
| 24:55 | Create | Villager (Male) |
| 25:56 | Create | Villager (Male) ×5 |
| 25:58 | Build | Farm |
| 25:59 | Build | Farm |
| 26:01 | Build | Farm |
| 26:06 | Research | Gold Shaft Mining |
| 26:08 | Research | Heavy Plow |
Build order — DestroyerIV
First 150 of 739 actions detected
| 0:10 | Create | Villager (Male) |
| 0:11 | Create | Villager (Male) |
| 0:11 | Create | Villager (Male) |
| 0:11 | Create | Villager (Male) |
| 0:11 | Create | Villager (Male) |
| 1:27 | Create | Villager (Male) |
| 1:27 | Create | Villager (Male) |
| 1:54 | Create | Villager (Male) |
| 1:54 | Create | Villager (Male) |
| 2:06 | Build | Mill |
| 2:31 | Create | Villager (Male) |
| 2:31 | Create | Villager (Male) |
| 3:02 | Build | Lumber Camp |
| 4:06 | Research | Feudal Age |
| 5:35 | Create | Villager (Male) |
| 5:35 | Create | Villager (Male) |
| 5:35 | Create | Villager (Male) |
| 6:31 | Age | Feudal Age |
| 6:44 | Build | Market |
| 6:53 | Build | Blacksmith |
| 7:29 | Build | House |
| 7:30 | Build | House |
| 7:42 | Create | Villager (Male) |
| 7:45 | Research | Loom |
| 8:02 | Research | Castle Age |
| 9:10 | Create | Villager (Male) |
| 9:10 | Create | Villager (Male) |
| 9:10 | Create | Villager (Male) |
| 9:46 | Research | Double-Bit Axe |
| 10:16 | Create | Villager (Male) |
| 10:16 | Create | Villager (Male) |
| 10:51 | Age | Castle Age |
| 11:00 | Build | Town Center |
| 11:35 | Build | Town Center |
| 12:33 | Build | Barracks |
| 12:34 | Build | House |
| 12:39 | Create | Villager (Male) |
| 12:57 | Create | Villager (Male) |
| 13:02 | Research | Loom |
| 13:09 | Create | Villager (Male) |
| 13:10 | Create | Villager (Male) |
| 13:10 | Create | Villager (Male) |
| 13:23 | Create | Villager (Male) |
| 13:23 | Create | Villager (Male) |
| 13:24 | Create | Villager (Male) |
| 13:47 | Create | Villager (Male) |
| 13:47 | Create | Villager (Male) |
| 13:54 | Create | Trade Cart |
| 13:55 | Research | Caravan |
| 14:10 | Create | Trade Cart |
| 14:11 | Create | Trade Cart |
| 14:11 | Create | Trade Cart |
| 14:13 | Create | Villager (Male) |
| 14:13 | Create | Villager (Male) |
| 14:27 | Build | Stable |
| 14:31 | Create | Villager (Male) |
| 14:33 | Create | Villager (Male) |
| 14:34 | Create | Villager (Male) |
| 14:39 | Create | Spearman |
| 14:39 | Create | Spearman |
| 14:41 | Create | Spearman |
| 14:41 | Create | Spearman |
| 14:59 | Build | House |
| 15:06 | Create | Villager (Male) |
| 15:07 | Create | Villager (Male) |
| 15:07 | Create | Villager (Male) |
| 15:27 | Build | Farm |
| 15:27 | Build | Farm |
| 15:27 | Build | Farm |
| 15:28 | Build | Farm |
| 15:30 | Create | Villager (Male) |
| 15:30 | Create | Villager (Male) |
| 16:09 | Build | House |
| 16:10 | Build | House |
| 16:10 | Build | House |
| 16:10 | Build | House |
| 16:11 | Build | House |
| 16:11 | Build | House |
| 16:11 | Build | House |
| 16:12 | Build | House |
| 16:12 | Build | House |
| 16:14 | Create | Villager (Male) |
| 16:14 | Create | Villager (Male) |
| 16:29 | Build | Monastery |
| 16:37 | Research | Wheelbarrow |
| 16:40 | Create | Villager (Male) |
| 16:40 | Create | Villager (Male) |
| 16:47 | Research | Town Watch |
| 16:55 | Create | Villager (Male) |
| 17:03 | Create | Knight |
| 17:04 | Create | Knight |
| 17:04 | Create | Knight |
| 17:16 | Create | Spearman |
| 17:16 | Create | Spearman |
| 17:16 | Create | Spearman |
| 17:33 | Create | Villager (Male) |
| 17:49 | Create | Villager (Male) |
| 18:14 | Create | Villager (Male) |
| 18:14 | Create | Villager (Male) |
| 18:18 | Build | Farm |
| 18:19 | Build | Farm |
| 18:19 | Build | Farm |
| 18:20 | Build | Farm |
| 18:20 | Build | Farm |
| 18:23 | Create | Monk |
| 18:23 | Create | Monk |
| 18:23 | Create | Monk |
| 18:35 | Build | Mining Camp |
| 18:45 | Create | Knight |
| 18:45 | Create | Knight |
| 18:45 | Create | Knight |
| 18:55 | Build | House |
| 19:01 | Create | Knight |
| 19:02 | Create | Knight |
| 19:13 | Research | Gold Mining |
| 19:13 | Research | Stone Mining |
| 19:21 | Build | House |
| 19:21 | Build | House |
| 19:21 | Build | House |
| 19:22 | Build | House |
| 19:22 | Build | House |
| 19:36 | Create | Villager (Male) |
| 19:36 | Create | Villager (Male) |
| 19:51 | Build | Castle |
| 19:55 | Build | Mining Camp |
| 20:11 | Create | Villager (Male) |
| 20:11 | Create | Villager (Male) |
| 20:11 | Create | Villager (Male) |
| 20:11 | Create | Villager (Male) |
| 20:11 | Create | Villager (Male) |
| 20:12 | Create | Villager (Male) |
| 20:19 | Build | Castle |
| 20:29 | Create | Spearman |
| 20:39 | Create | Villager (Male) |
| 20:44 | Build | Farm |
| 21:03 | Build | Farm |
| 21:04 | Build | Farm |
| 21:04 | Build | Farm |
| 21:04 | Build | Farm |
| 21:04 | Build | Farm |
| 21:04 | Build | Farm |
| 21:07 | Create | Villager (Male) |
| 21:07 | Create | Villager (Male) |
| 21:07 | Create | Villager (Male) |
| 21:35 | Create | Knight |
| 21:36 | Create | Knight |
| 21:36 | Create | Knight |
| 21:42 | Build | Farm |
| 21:43 | Build | Farm |
| 21:43 | Build | Farm |
Build order — Aumaxx
First 150 of 788 actions detected
| 0:01 | Create | Villager (Male) |
| 0:02 | Create | Villager (Male) |
| 0:02 | Create | Villager (Male) |
| 0:03 | Create | Villager (Male) |
| 0:03 | Create | Villager (Male) |
| 0:47 | Create | Villager (Male) |
| 1:07 | Create | Villager (Male) |
| 2:14 | Build | Lumber Camp |
| 2:18 | Create | Villager (Male) |
| 2:19 | Create | Villager (Male) |
| 2:38 | Create | Villager (Male) |
| 3:00 | Create | Villager (Male) |
| 3:14 | Build | Mill |
| 4:14 | Research | Feudal Age |
| 4:14 | Research | Feudal Age |
| 4:14 | Research | Feudal Age |
| 6:24 | Age | Feudal Age |
| 6:29 | Create | Villager (Male) |
| 6:30 | Create | Villager (Male) |
| 6:51 | Build | House |
| 6:53 | Build | House |
| 6:54 | Build | House |
| 7:29 | Create | Villager (Male) |
| 7:29 | Create | Villager (Male) |
| 7:41 | Build | Market |
| 8:05 | Create | Villager (Male) |
| 8:13 | Build | Blacksmith |
| 8:51 | Create | Villager (Male) |
| 9:23 | Research | Castle Age |
| 9:23 | Research | Castle Age |
| 9:23 | Research | Castle Age |
| 9:44 | Build | Lumber Camp |
| 10:25 | Research | Scale Barding Armor |
| 10:47 | Create | Villager (Male) |
| 10:47 | Create | Villager (Male) |
| 10:47 | Create | Villager (Male) |
| 10:48 | Create | Villager (Male) |
| 11:26 | Build | Lumber Camp |
| 11:36 | Research | Double-Bit Axe |
| 12:03 | Age | Castle Age |
| 12:15 | Build | Town Center |
| 12:42 | Research | Chain Barding Armor |
| 13:17 | Create | Villager (Male) |
| 13:29 | Create | Villager (Male) |
| 13:29 | Create | Villager (Male) |
| 13:29 | Create | Villager (Male) |
| 13:39 | Create | Villager (Male) |
| 13:40 | Create | Villager (Male) |
| 13:53 | Build | Town Center |
| 13:56 | Create | Villager (Male) |
| 14:04 | Create | Villager (Male) |
| 14:14 | Create | Villager (Male) |
| 14:42 | Build | Barracks |
| 14:53 | Create | Villager (Male) |
| 14:53 | Create | Villager (Male) |
| 15:00 | Create | Villager (Male) |
| 15:00 | Create | Villager (Male) |
| 15:16 | Create | Villager (Male) |
| 15:17 | Create | Villager (Male) |
| 15:17 | Create | Villager (Male) |
| 15:18 | Create | Villager (Male) |
| 15:18 | Create | Villager (Male) |
| 15:29 | Create | Villager (Male) |
| 15:34 | Create | Villager (Male) |
| 15:57 | Create | Villager (Male) |
| 15:57 | Create | Villager (Male) |
| 16:09 | Build | Mining Camp |
| 16:14 | Create | Villager (Male) |
| 16:37 | Build | Stone Wall |
| 16:44 | Create | Villager (Male) |
| 16:45 | Create | Villager (Male) |
| 16:47 | Create | Villager (Male) |
| 17:04 | Build | House |
| 17:05 | Build | House |
| 17:06 | Build | House |
| 17:07 | Build | House |
| 17:08 | Build | House |
| 17:28 | Create | Villager (Male) |
| 17:29 | Create | Villager (Male) |
| 18:05 | Build | Castle |
| 18:18 | Build | Stone Wall |
| 18:22 | Create | Villager (Male) |
| 18:23 | Create | Villager (Male) |
| 18:24 | Create | Villager (Male) |
| 18:25 | Create | Villager (Male) |
| 18:36 | Create | Villager (Male) |
| 18:38 | Create | Villager (Male) |
| 18:44 | Research | Gold Mining |
| 18:57 | Build | Stone Wall |
| 19:06 | Research | Forging |
| 19:08 | Create | Villager (Male) |
| 19:09 | Create | Villager (Male) |
| 19:52 | Research | Stone Mining |
| 20:05 | Build | House |
| 20:22 | Create | Keshik |
| 20:22 | Create | Keshik |
| 20:28 | Build | Barracks |
| 20:29 | Build | Barracks |
| 20:31 | Build | Barracks |
| 20:32 | Build | Barracks |
| 20:39 | Create | Villager (Male) |
| 20:44 | Create | Villager (Male) |
| 21:01 | Build | Lumber Camp |
| 21:25 | Build | Market |
| 21:27 | Build | Market |
| 21:39 | Research | Pikeman (upgrade) |
| 21:52 | Build | Farm |
| 21:53 | Build | Farm |
| 21:54 | Build | Farm |
| 21:56 | Build | Farm |
| 21:57 | Build | Farm |
| 22:05 | Build | Farm |
| 22:06 | Build | Farm |
| 22:08 | Build | Farm |
| 22:09 | Build | Farm |
| 22:10 | Create | Villager (Male) |
| 22:19 | Create | Villager (Male) |
| 22:20 | Create | Villager (Male) |
| 22:21 | Create | Villager (Male) |
| 22:22 | Create | Villager (Male) |
| 22:23 | Create | Villager (Male) |
| 22:31 | Create | Villager (Male) |
| 22:32 | Create | Villager (Male) |
| 22:32 | Create | Villager (Male) |
| 22:36 | Build | House |
| 22:37 | Build | House |
| 22:38 | Build | House |
| 22:39 | Build | House |
| 22:40 | Build | House |
| 23:02 | Build | Castle |
| 23:19 | Research | Iron Casting |
| 23:26 | Build | Farm |
| 23:35 | Build | Farm |
| 23:36 | Build | Farm |
| 23:38 | Build | Farm |
| 23:41 | Build | Farm |
| 23:47 | Build | Farm |
| 23:49 | Build | Farm |
| 23:50 | Build | Farm |
| 23:53 | Build | Farm |
| 23:54 | Build | Farm |
| 24:22 | Create | Keshik |
| 24:23 | Create | Keshik |
| 24:23 | Create | Keshik |
| 24:31 | Build | Building 490 |
| 24:41 | Create | Villager (Male) |
| 24:42 | Create | Villager (Male) |
| 24:43 | Create | Villager (Male) |
| 24:43 | Create | Villager (Male) |
| 24:49 | Create | Villager (Male) |
Build order — The_Lumberjack
First 150 of 466 actions detected
| 0:01 | Create | Villager (Male) |
| 0:02 | Create | Villager (Male) |
| 0:02 | Create | Villager (Male) |
| 0:02 | Create | Villager (Male) |
| 0:04 | Build | House |
| 0:44 | Create | Villager (Male) |
| 0:44 | Create | Villager (Male) |
| 1:15 | Create | Villager (Male) |
| 1:15 | Create | Villager (Male) |
| 1:50 | Create | Villager (Male) |
| 1:50 | Create | Villager (Male) |
| 2:53 | Create | Villager (Male) |
| 2:53 | Create | Villager (Male) |
| 2:54 | Create | Villager (Male) |
| 2:54 | Create | Villager (Male) |
| 4:22 | Create | Villager (Male) |
| 4:22 | Create | Villager (Male) |
| 4:23 | Create | Villager (Male) |
| 4:23 | Create | Villager (Male) |
| 4:23 | Create | Villager (Male) |
| 4:23 | Create | Villager (Male) |
| 4:24 | Create | Villager (Male) |
| 4:24 | Create | Villager (Male) |
| 4:25 | Create | Villager (Male) |
| 5:23 | Build | Lumber Camp |
| 6:08 | Build | Mill |
| 7:11 | Build | House |
| 7:12 | Build | House |
| 7:54 | Create | Villager (Male) |
| 7:54 | Create | Villager (Male) |
| 7:55 | Create | Villager (Male) |
| 9:49 | Create | Villager (Male) |
| 10:11 | Build | Mining Camp |
| 10:29 | Research | Feudal Age |
| 12:50 | Build | Mining Camp |
| 13:02 | Age | Feudal Age |
| 13:18 | Research | Double-Bit Axe |
| 13:23 | Research | Castle Age |
| 13:27 | Research | Horse Collar |
| 13:45 | Build | Stable |
| 13:46 | Build | Stable |
| 13:47 | Build | Stable |
| 13:51 | Build | Blacksmith |
| 14:11 | Build | Farm |
| 14:12 | Build | Farm |
| 14:12 | Build | Farm |
| 14:12 | Build | Farm |
| 14:12 | Build | Farm |
| 14:13 | Build | Farm |
| 14:13 | Build | Farm |
| 14:13 | Build | Farm |
| 14:14 | Build | Farm |
| 14:14 | Build | Farm |
| 14:53 | Create | Scout Cavalry ×5 |
| 14:54 | Create | Scout Cavalry ×5 |
| 15:02 | Create | Scout Cavalry ×5 |
| 15:04 | Create | Scout Cavalry |
| 15:25 | Build | Farm |
| 15:26 | Build | Farm |
| 15:26 | Build | Farm |
| 15:26 | Build | Farm |
| 15:27 | Build | Farm |
| 15:27 | Build | Farm |
| 15:27 | Build | Farm |
| 15:50 | Research | Scale Barding Armor |
| 16:03 | Age | Castle Age |
| 16:07 | Build | Town Center |
| 16:27 | Build | House |
| 16:29 | Build | House |
| 16:30 | Build | House |
| 16:31 | Build | House |
| 16:46 | Create | Villager (Male) |
| 16:47 | Create | Villager (Male) |
| 16:47 | Create | Villager (Male) |
| 16:47 | Create | Villager (Male) |
| 16:55 | Research | Bow Saw |
| 17:34 | Build | House |
| 17:35 | Build | House |
| 17:37 | Build | House |
| 17:38 | Build | House |
| 18:04 | Research | Forging |
| 18:06 | Research | Chain Barding Armor |
| 18:12 | Create | Villager (Male) |
| 18:13 | Create | Villager (Male) |
| 18:23 | Create | Villager (Male) |
| 22:02 | Research | Imperial Age |
| 22:03 | Research | Wheelbarrow |
| 22:10 | Create | Villager (Male) |
| 22:11 | Create | Villager (Male) |
| 22:11 | Create | Villager (Male) |
| 22:11 | Create | Villager (Male) |
| 22:12 | Create | Villager (Male) |
| 22:12 | Create | Villager (Male) |
| 22:12 | Create | Villager (Male) |
| 22:12 | Create | Villager (Male) |
| 22:13 | Create | Villager (Male) |
| 22:16 | Build | Farm |
| 22:16 | Build | Farm |
| 22:17 | Build | Farm |
| 22:17 | Build | Farm |
| 22:17 | Build | Farm |
| 22:17 | Build | Farm |
| 22:17 | Build | Farm |
| 22:18 | Build | Farm |
| 22:18 | Build | Farm |
| 22:18 | Build | Farm |
| 22:19 | Build | Farm |
| 22:19 | Build | Farm |
| 22:29 | Research | Gold Mining |
| 22:32 | Create | Villager (Male) |
| 22:32 | Create | Villager (Male) |
| 22:40 | Build | Town Center |
| 22:52 | Research | Light Cavalry (upgrade) |
| 23:40 | Create | Villager (Male) |
| 23:40 | Create | Villager (Male) |
| 23:40 | Create | Villager (Male) |
| 23:41 | Create | Villager (Male) |
| 23:41 | Create | Villager (Male) |
| 23:41 | Create | Villager (Male) |
| 23:41 | Create | Villager (Male) |
| 23:57 | Research | Stone Mining |
| 24:06 | Create | Knight |
| 24:23 | Research | Heavy Plow |
| 24:51 | Build | Siege Workshop |
| 24:53 | Build | Siege Workshop |
| 25:12 | Age | Imperial Age |
| 25:35 | Create | Villager (Male) |
| 25:35 | Create | Villager (Male) |
| 25:36 | Create | Villager (Male) |
| 25:36 | Create | Villager (Male) |
| 26:25 | Build | Barracks |
| 26:27 | Build | Barracks |
| 26:28 | Build | Barracks |
| 26:30 | Build | Barracks |
| 26:32 | Build | Barracks |
| 26:42 | Build | Town Center |
| 26:46 | Create | Villager (Male) |
| 26:47 | Create | Villager (Male) |
| 26:47 | Create | Villager (Male) |
| 27:01 | Research | Pikeman (upgrade) |
| 27:11 | Create | Spearman ×5 |
| 27:24 | Create | Villager (Male) |
| 27:24 | Create | Villager (Male) |
| 27:28 | Research | Scale Mail Armor |
| 27:39 | Create | Spearman ×5 |
| 27:39 | Create | Spearman |
| 27:40 | Create | Spearman |
| 27:58 | Create | Spearman |
| 28:10 | Create | Villager (Male) |
| 28:37 | Build | Farm |
Match timeline
| 4:02 | Khmer Kardashian · first_building Barracks |
| 5:19 | moisttoilet · first_building Barracks |
| 5:38 | RolandDeschain · first_building Barracks |
| 6:02 | Khmer Kardashian · age_up feudal |
| 6:20 | Khmer Kardashian · first_building Stable |
| 6:24 | Aumaxx · age_up feudal |
| 6:31 | DestroyerIV · age_up feudal |
| 6:58 | RolandDeschain · wall_segment Palisade Wall x5 |
| 7:01 | RolandDeschain · wall_segment Palisade Wall x3 |
| 7:04 | RolandDeschain · wall_segment Palisade Wall x3 |
| 7:13 | RolandDeschain · wall_segment Palisade Wall x9 |
| 7:14 | RolandDeschain · wall_segment Palisade Wall x2 |
| 7:21 | RolandDeschain · wall_segment Palisade Wall x8 |
| 7:35 | Khmer Kardashian · wall_segment Stone Wall x1 |
| 7:50 | RolandDeschain · age_up feudal |
| 7:52 | RolandDeschain · first_building Stable |
| 7:54 | Teniente DAN · wall_segment Palisade Wall x1 |
| 7:58 | Khmer Kardashian · wall_segment Stone Wall x20 |
| 8:30 | moisttoilet · age_up feudal |
| 9:06 | Teniente DAN · first_building Barracks |
| 9:23 | RolandDeschain · wall_segment Stone Wall x5 |
| 9:33 | Teniente DAN · age_up feudal |
| 9:47 | RolandDeschain · wall_segment Stone Wall x4 |
| 9:50 | RolandDeschain · wall_segment Stone Wall x2 |
| 9:53 | RolandDeschain · wall_segment Stone Wall x5 |
| 10:12 | Khmer Kardashian · wall_segment Stone Wall x17 |
| 10:24 | Teniente DAN · first_building Stable |
| 10:26 | RolandDeschain · wall_segment Stone Wall x12 |
| 10:51 | DestroyerIV · age_up castle |
| 10:52 | Khmer Kardashian · wall_segment Stone Wall x1 |
| 11:52 | RolandDeschain · wall_segment Stone Wall x8 |
| 12:03 | Aumaxx · age_up castle |
| 12:04 | RolandDeschain · wall_segment Stone Wall x4 |
| 12:05 | RolandDeschain · wall_segment Stone Wall x1 |
| 12:06 | RolandDeschain · wall_segment Stone Wall x1 |
| 12:07 | moisttoilet · first_building Stable |
| 12:09 | RolandDeschain · wall_segment Stone Wall x4 |
| 12:33 | DestroyerIV · first_building Barracks |
| 13:02 | The_Lumberjack · age_up feudal |
| 13:17 | Khmer Kardashian · wall_segment Stone Wall x19 |
| 13:45 | The_Lumberjack · first_building Stable |
| 13:54 | Khmer Kardashian · age_up castle |
| 13:55 | Eeeeeeeeeeeeecho · age_up feudal |
| 14:26 | moisttoilet · wall_segment Palisade Wall x8 |
| 14:26 | Eeeeeeeeeeeeecho · wall_segment Stone Wall x28 |
| 14:27 | DestroyerIV · first_building Stable |
| 14:39 | Khmer Kardashian · first_building Monastery |
| 14:42 | Aumaxx · first_building Barracks |
| 14:53 | Teniente DAN · age_up castle |
| 14:55 | Khmer Kardashian · first_market_buy 100 food |
| 14:56 | moisttoilet · age_up castle |
| 15:49 | Khmer Kardashian · wall_segment Stone Wall x2 |
| 15:55 | moisttoilet · first_market_buy 100 food |
| 15:58 | Eeeeeeeeeeeeecho · wall_segment Stone Wall x10 |
| 16:03 | The_Lumberjack · age_up castle |
| 16:29 | DestroyerIV · first_building Monastery |
| 16:37 | Aumaxx · wall_segment Stone Wall x11 |
| 16:48 | Eeeeeeeeeeeeecho · wall_segment Stone Wall x15 |
| 17:22 | moisttoilet · first_building Archery Range |
| 17:43 | Aumaxx · first_market_buy 100 food |
| 17:55 | Eeeeeeeeeeeeecho · wall_segment Stone Wall x10 |
| 18:05 | Aumaxx · first_building Castle |
| 18:18 | Aumaxx · wall_segment Stone Wall x10 |
| 18:57 | Aumaxx · wall_segment Stone Wall x13 |
| 19:12 | Eeeeeeeeeeeeecho · wall_segment Stone Wall x12 |
| 19:36 | RolandDeschain · age_up castle |
| 19:40 | Eeeeeeeeeeeeecho · wall_segment Stone Wall x1 |
| 19:42 | Eeeeeeeeeeeeecho · wall_segment Stone Wall x1 |
| 19:51 | DestroyerIV · first_building Castle |
| 20:15 | Eeeeeeeeeeeeecho · wall_segment Stone Wall x1 |
| 20:27 | moisttoilet · first_building Castle |
| 20:34 | Eeeeeeeeeeeeecho · wall_segment Stone Wall x1 |
| 20:35 | Eeeeeeeeeeeeecho · wall_segment Stone Wall x1 |
| 20:35 | Eeeeeeeeeeeeecho · wall_segment Stone Wall x1 |
| 20:36 | Eeeeeeeeeeeeecho · wall_segment Stone Wall x1 |
| 20:36 | Eeeeeeeeeeeeecho · wall_segment Stone Wall x1 |
| 20:43 | Teniente DAN · first_building Krepost |
| 21:51 | Teniente DAN · first_building Monastery |
| 23:37 | Khmer Kardashian · first_building Castle |
| 24:51 | The_Lumberjack · first_building Siege Workshop |
| 25:12 | The_Lumberjack · age_up imperial |
| 25:54 | Eeeeeeeeeeeeecho · wall_segment Stone Wall x23 |
| 25:55 | Teniente DAN · first_building Siege Workshop |
| 26:24 | Aumaxx · first_building Stable |
| 26:25 | The_Lumberjack · first_building Barracks |
| 28:20 | Khmer Kardashian · age_up imperial |
| 28:33 | Khmer Kardashian · wall_segment Stone Wall x7 |
| 28:59 | The_Lumberjack · wall_segment Stone Wall x10 |
| 29:15 | Aumaxx · first_building Monastery |
| 29:23 | The_Lumberjack · first_building Castle |
| 29:42 | Eeeeeeeeeeeeecho · wall_segment Stone Wall x29 |
| 29:48 | Eeeeeeeeeeeeecho · wall_segment Stone Wall x2 |
| 29:50 | Eeeeeeeeeeeeecho · age_up castle |
| 29:53 | Teniente DAN · age_up imperial |
| 29:59 | Eeeeeeeeeeeeecho · wall_segment Stone Wall x22 |
| 30:10 | Aumaxx · age_up imperial |
| 30:28 | moisttoilet · first_market_sell 500 wood |
| 30:40 | Khmer Kardashian · first_building Siege Workshop |
| 31:15 | Eeeeeeeeeeeeecho · first_building Castle |
| 32:08 | Aumaxx · first_market_sell 100 stone |
| 32:27 | Eeeeeeeeeeeeecho · first_building Barracks |
| 34:37 | The_Lumberjack · wall_segment Stone Wall x8 |
| 35:02 | RolandDeschain · first_building Monastery |
| 35:10 | Eeeeeeeeeeeeecho · wall_segment Stone Wall x11 |
| 35:13 | Eeeeeeeeeeeeecho · wall_segment Stone Wall x8 |
| 35:15 | Eeeeeeeeeeeeecho · wall_segment Stone Wall x3 |
| 35:22 | moisttoilet · age_up imperial |
| 35:58 | DestroyerIV · age_up imperial |
| 36:46 | The_Lumberjack · wall_segment Stone Wall x24 |
| 37:14 | Khmer Kardashian · first_market_sell 100 wood |
| 37:56 | Eeeeeeeeeeeeecho · first_building Monastery |
| 38:46 | RolandDeschain · age_up imperial |
| 41:13 | Eeeeeeeeeeeeecho · first_building Siege Workshop |
| 42:01 | Eeeeeeeeeeeeecho · wall_segment Palisade Wall x1 |
| 42:02 | Eeeeeeeeeeeeecho · wall_segment Stone Wall x1 |
| 42:08 | Khmer Kardashian · wall_segment Stone Wall x16 |
| 42:33 | Aumaxx · first_building Archery Range |
| 44:04 | DestroyerIV · first_market_sell 500 food |
| 44:43 | Eeeeeeeeeeeeecho · age_up imperial |
| 45:22 | The_Lumberjack · wall_segment Stone Wall x14 |
| 47:06 | Eeeeeeeeeeeeecho · wall_segment Stone Wall x7 |
| 47:34 | RolandDeschain · wall_segment Stone Wall x9 |
| 50:19 | RolandDeschain · first_building Castle |
| 50:31 | RolandDeschain · wall_segment Stone Wall x4 |
| 50:35 | RolandDeschain · wall_segment Stone Wall x4 |
| 53:35 | RolandDeschain · first_building Siege Workshop |
| 56:38 | Teniente DAN · tribute_sent a jugador 1 |
| 56:38 | Teniente DAN · tribute_sent a jugador 2 |
| 56:38 | Teniente DAN · tribute_sent a jugador 3 |
| 56:38 | Teniente DAN · tribute_sent a jugador 4 |
| 56:38 | Teniente DAN · tribute_sent a jugador 5 |
| 56:38 | Teniente DAN · tribute_sent a jugador 6 |
| 56:38 | Teniente DAN · tribute_sent a jugador 7 |
| 58:26 | Teniente DAN · first_building Castle |
| 67:39 | Khmer Kardashian · first_building Archery Range |
| 69:30 | RolandDeschain · wall_segment Stone Wall x1 |
| 69:32 | RolandDeschain · wall_segment Stone Wall x1 |
| 69:41 | RolandDeschain · wall_segment Stone Wall x1 |
| 69:41 | RolandDeschain · wall_segment Stone Wall x1 |
| 69:42 | RolandDeschain · wall_segment Stone Wall x1 |
| 69:44 | RolandDeschain · wall_segment Stone Wall x1 |
| 69:45 | RolandDeschain · wall_segment Stone Wall x1 |
| 69:53 | RolandDeschain · wall_segment Stone Wall x1 |
| 70:00 | Teniente DAN · first_market_sell 500 wood |
| 70:04 | Teniente DAN · first_market_buy 500 food |
| 70:09 | RolandDeschain · wall_segment Stone Wall x1 |
| 71:56 | moisttoilet · first_building Monastery |
| 73:14 | moisttoilet · first_building Siege Workshop |
| 75:56 | Aumaxx · resign |
[ AI ANALYSIS · 1 CREDIT ]
What really happened in this match?
Wolo.gg analyzes every decision: build order, eco, micro, common mistakes by bracket. Personalized analysis on WhatsApp or Discord in 30 seconds.
Civ guide
Bulgarians
Map guide
MegaRandom
Perfil
Jugador #2194258